 Dungeon Crawl Stone Soup version 0.23-a0-650-ga4d50d4 (webtiles) character file.

29530 Lilu the Blocker (level 13, -6/104 HPs)
             Began as a Gnoll Fighter on Jan 6, 2019.
             Was an Elder of the Shining One.
             Mangled by a spiny frog (13 damage)
             ... on level 6 of the Lair of Beasts.
             The game lasted 00:46:05 (17362 turns).

Lilu the Blocker (Gnoll Fighter)                   Turns: 17362, Time: 00:46:06

Health: -6/104     AC: 29    Str: 25    XL:     13   Next: 45%
Magic:  23/25      EV: 11    Int: 11    God:    the Shining One [****..]
Gold:   1033       SH: 23    Dex: 15    Spells: 28/28 levels left

rFire    + + .     SeeInvis +   a - +6 war axe
rCold    + . .     Gourm    .   c - +1 shield
rNeg     + + .     Faith    +   S - +5 plate armour {MR+}
rPois    +         Spirit   .   w - +0 helmet
rElec    +         Reflect  .   M - scarf {rC+ rF+}
rCorr    .         Harm     .   I - +0 pair of gloves (curse)
MR       +....                  R - +0 pair of boots of Death Resistance {rElec rF+ Str+2 SInv}
Stlth    ..........             p - amulet of faith
HPRegen  0.27/turn              b - ring of poison resistance
MPRegen  0.19/turn              N - +5 ring of protection

@: divine shield, about to teleport, glowing, very slow
A: distributed training, fangs 1, strong nose
a: Divine Shield, Cleansing Flame, Renounce Religion


You were on level 6 of the Lair of Beasts.
You worshipped the Shining One.
The Shining One was greatly pleased with you.
You were not hungry.

You visited 3 branches of the dungeon, and saw 18 of its levels.

You collected 1033 gold pieces.

Inventory:

Hand Weapons
 a - a +6 war axe (weapon)
 y - a +0 hand crossbow
Missiles
 D - 141 bolts
Armour
 c - a +1 shield (worn)
 w - a +0 helmet (worn)
 I - a cursed +0 pair of gloves (worn)
 M - a scarf of resistance (worn)
 R - the +0 pair of boots of Death Resistance (worn) {rElec rF+ Str+2 SInv}
   (You found it on level 2 of the Lair of Beasts)

   It affects your strength (+2).
   It protects you from fire.
   It insulates you from electricity.
   It lets you see invisible.
 S - a +5 plate armour of magic resistance (worn)
Jewellery
 b - a ring of poison resistance (left hand)
 p - an amulet of faith (around neck)
 r - an uncursed ring of flight
 t - a +2 ring of dexterity
 F - a +3 ring of protection
 N - a +5 ring of protection (right hand)
Wands
 x - a wand of acid (6)
 A - a wand of paralysis (10)
 H - a wand of iceblast (17)
 J - a wand of scattershot (3)
 L - a wand of flame (8)
 O - a wand of polymorph (6)
 Q - a wand of digging (3)
Scrolls
 k - 5 scrolls of identify
 l - 2 scrolls of immolation
 u - 6 scrolls of remove curse
 z - 2 scrolls of magic mapping
 C - a scroll of blinking
 E - 4 scrolls of fog
 G - a scroll of fear
 K - a scroll of teleportation
 P - 4 scrolls of amnesia
 U - a scroll of enchant weapon
Potions
 d - 3 potions of might
 e - 2 potions of brilliance
 g - 3 potions of flight
 h - 4 potions of lignification
 i - a potion of agility
 m - a potion of cancellation
 n - 2 potions of resistance
 o - 6 potions of curing
 q - 5 potions of ambrosia
 s - 2 potions of magic
 v - 3 potions of heal wounds
 B - a potion of invisibility
 W - a potion of degeneration
Miscellaneous
 j - a fan of gales
Comestibles
 f - 27 rations


   Skills:
 + Level 10.4 Fighting
 + Level 8.1 Short Blades
 + Level 8.1 Long Blades
 + Level 9.4 Axes
 + Level 8.1 Maces & Flails
 + Level 8.1 Polearms
 + Level 8.1 Staves
 + Level 8.1 Slings
 + Level 8.1 Bows
 + Level 8.1 Crossbows
 + Level 8.1 Throwing
 + Level 10.4 Armour
 + Level 8.1 Dodging
 + Level 8.1 Stealth
 + Level 10.4 Shields
 + Level 8.1 Unarmed Combat
 + Level 8.1 Spellcasting
 + Level 6.8 Conjurations
 + Level 6.8 Hexes
 + Level 6.8 Charms
 + Level 6.8 Summonings
 + Level 6.8 Necromancy
 + Level 6.8 Translocations
 + Level 6.8 Transmutations
 + Level 6.8 Fire Magic
 + Level 6.8 Ice Magic
 + Level 6.8 Air Magic
 + Level 6.8 Earth Magic
 + Level 6.8 Poison Magic
 + Level 8.9 Invocations
 + Level 8.1 Evocations


You had 28 spell levels left.
You didn't know any spells.
Your spell library contained the following spells:

 Spells                   Type           Power        Failure   Level  Hunger
 Irradiate                Conj/Tmut      ###.......   99%         5    ######.
 Hydra Form               Tmut           ###.......   100%        6    #######
 Statue Form              Tmut/Erth      ###......    100%        6    #######
 Dragon Form              Tmut           ###.......   100%        7    #######


Dungeon Overview and Level Annotations

Branches:
Dungeon (11/15)            Temple (1/1) D:7            Lair (6/6) D:10
  Swamp (0/4) Lair:4        Snake (0/4) Lair:3          Orc (0/2) D:11
  Slime: Lair:5-6

Altars:
Ashenzari
Cheibriados
Dithmenos
Elyvilon
Fedhas
Gozag
Hepliaklqana
Kikubaaqudgha
Makhleb
Nemelex Xobeh
Okawaru
Qazlal
Ru
Sif Muna
Trog
Uskayaw
Vehumet
Wu Jian
Xom
Yredelemnul
Zin
The Shining One

Shops:
D:10 (


Innate Abilities, Weirdness & Mutations

Your experience applies equally to all skills.
You have very sharp teeth.
Your uncanny sense of smell can sniff out nearby items.


Message History

You feel strangely unstable. You block the spiny frog's attack.
The blink frog blinks!
The bullfrog releases a deep croak.
The blink frog blinks!
The spiny frog stings you!
* * * LOW HITPOINT WARNING * * *
You block the nine-headed hydra's attack.
The nine-headed hydra closely misses you.
The nine-headed hydra bites you but does no damage.
The nine-headed hydra bites you.
* * * LOW HITPOINT WARNING * * *
You block the nine-headed hydra's attack. x3
The nine-headed hydra barely misses you.
The nine-headed hydra bites you but does no damage.
The blink frog blinks!
The tyrant leech bites you! The Shining One protects you from harm!
The tyrant leech draws strength from your injuries!
The tyrant leech bites you but does no damage.
The komodo dragon bites you but does no damage.
The spiny frog stings you!
You die...

#.....≈≈≈≈≈≈≈≈≈≈≈≈
......≈≈≈≈P≈≈≈≈≈≈≈
.....P.≈≈§≈≈≈P≈≈###
#....P.≈≈.≈≈≈≈P≈≈≈## ≈
......P≈≈≈≈≈FF≈;≈≈≈# #≈≈
..."....≈≈≈≈≈FFhFPP#≈≈≈≈
.....#≈....≈≈lyFSY≈≈≈≈≈F
.....≈≈###..YFywFw≈≈≈P..
....#### #####FD@lF.≈...
#..Y.## ####F§P[...
......# .FF.#.PF.
......### ........##
#P...S#.# ....$..#
##......### .......##
###...YP.# #.#.#.#.#
#PP....##.... ....
#...(..#.#.#.#.#


You could see a nine-headed hydra, 2 tyrant leeches, a polar bear, 2 komodo
dragons, 2 yaks, 4 spiny frogs, 6 blink frogs, a water moccasin, 2 vampire
mosquitoes, 4 bullfrogs and an electric eel.

Vanquished Creatures
  Nessos (Lair:5)
  2 hydras
  Erica (D:9)
  2 two-headed ogres
  A swamp dragon (Lair:4)
  2 manticores (D:11)
  2 black mambas
  A torpor snail (Lair:3)
  9 spiny frogs
  4 kobold demonologists (D:11)
  A rime drake (Lair:4)
  8 komodo dragons
  A harpy zombie (D:11)
  A tengu conjurer (D:10)
  A troll (D:11)
  Prince Ribbit (D:8)
  6 hippogriffs
  A meliai zombie (D:11)
  4 wyverns
  A vampire (D:11)
  A shadow (D:11)
  A wraith (D:11)
  18 yaks
  3 basilisks
  A hungry ghost (D:10)
  3 nagas (Lair:3)
  6 water moccasins
  Duvessa (D:6)
  7 porcupines
  2 phantoms
  9 orc warriors
  3 ice beasts
  A sky beast (D:9)
  7 ogres
  A black bear (Lair:1)
  An eye of draining (D:11)
  2 necrophages
  13 wolves
  8 crocodiles
  2 centaurs
  5 big kobolds
  5 gnoll sergeants
  7 bullfrogs
  Dowan (D:6)
  A wyvern skeleton (D:10)
  16 killer bees
  5 scorpions
  A water moccasin skeleton (D:9)
  11 wights
  An electric eel (Lair:5)
  8 crimson imps
  7 howler monkeys
  A centaur zombie (D:7)
  2 quasits
  2 bullfrog skeletons
  2 bullfrog zombies
  9 hounds
  6 jellies
  3 orc priests
  11 orc wizards
  6 iguanas
  3 centaur skeletons
  6 worker ants
  4 hell rats (Lair:3)
  A killer bee zombie (D:9)
  2 hound zombies
  A hound skeleton (D:8)
  8 gnolls
  15 adders
  A howler monkey skeleton (D:9)
  4 shadow imps
  6 oozes
  An adder skeleton (D:9)
  3 worms
  7 leopard geckos
  31 orcs
  9 bats
  5 giant cockroaches
  9 goblins
  9 hobgoblins
  10 jackals
  15 kobolds
  5 quokkas
  11 frilled lizards
  A quokka skeleton (D:6)
  6 rats
  6 fungi
  A plant (Lair:4)
430 creatures vanquished.

Vanquished Creatures (others)
  2 fungi (Lair:3)
  10 plants
12 creatures vanquished.

Grand Total: 442 creatures vanquished

Notes
Turn   | Place    | Note
-------+----------+-------------------------------------------
     0 | D:1      | Lilu the Gnoll Fighter began the quest for the Orb.
     0 | D:1      | Reached XP level 1. HP: 23/23 MP: 1/1
   262 | D:1      | Reached XP level 2. HP: 29/29 MP: 2/2
  1244 | D:2      | Reached XP level 3. HP: 35/35 MP: 3/3
  1377 | D:2      | Reached skill level 1 in Invocations
  1715 | D:2      | Reached skill level 1 in Short Blades
  1715 | D:2      | Reached skill level 1 in Long Blades
  1715 | D:2      | Reached skill level 1 in Maces & Flails
  1715 | D:2      | Reached skill level 1 in Polearms
  1715 | D:2      | Reached skill level 1 in Staves
  1715 | D:2      | Reached skill level 1 in Slings
  1715 | D:2      | Reached skill level 1 in Bows
  1715 | D:2      | Reached skill level 1 in Crossbows
  1715 | D:2      | Reached skill level 1 in Throwing
  1715 | D:2      | Reached skill level 1 in Dodging
  1715 | D:2      | Reached skill level 1 in Stealth
  1715 | D:2      | Reached skill level 1 in Unarmed Combat
  1715 | D:2      | Reached skill level 1 in Spellcasting
  1715 | D:2      | Reached skill level 1 in Evocations
  1715 | D:2      | Reached XP level 4. HP: 41/41 MP: 5/5
  1853 | D:2      | Found an ancient bone altar of Kikubaaqudgha.
  1856 | D:2      | Found a blossoming altar of Fedhas.
  1983 | D:2      | Found a basalt altar of Yredelemnul.
  1988 | D:2      | Found a shattered altar of Ashenzari.
  1993 | D:2      | Found a sacrificial altar of Ru.
  2278 | D:3      | Reached skill level 1 in Conjurations
  2278 | D:3      | Reached skill level 1 in Hexes
  2278 | D:3      | Reached skill level 1 in Charms
  2278 | D:3      | Reached skill level 1 in Summonings
  2278 | D:3      | Reached skill level 1 in Necromancy
  2278 | D:3      | Reached skill level 1 in Translocations
  2278 | D:3      | Reached skill level 1 in Transmutations
  2278 | D:3      | Reached skill level 1 in Fire Magic
  2278 | D:3      | Reached skill level 1 in Ice Magic
  2278 | D:3      | Reached skill level 1 in Air Magic
  2278 | D:3      | Reached skill level 1 in Earth Magic
  2278 | D:3      | Reached skill level 1 in Poison Magic
  2465 | D:3      | Reached XP level 5. HP: 40/47 MP: 5/7
  3020 | D:4      | Reached XP level 6. HP: 27/53 MP: 8/8
  3059 | D:4      | HP: 2/53 [orc/+0 hand axe (1)]
  3060 | D:4      | Reached skill level 5 in Axes
  3535 | D:4      | Reached XP level 7. HP: 47/59 MP: 10/10
  3839 | D:4      | Found a bloodstained altar of Trog.
  3843 | D:4      | Found a white marble altar of Elyvilon.
  3850 | D:4      | Became a worshipper of Elyvilon the Healer
  3969 | D:5      | Entered Level 5 of the Dungeon
  3979 | D:5      | Found a radiant altar of Vehumet.
  4299 | D:5      | Reached * piety under Elyvilon
  4721 | D:6      | Reached XP level 8. HP: 51/67 MP: 12/12
  4854 | D:6      | Noticed Dowan
  4854 | D:6      | Noticed Duvessa
  5033 | D:6      | Killed Duvessa
  5059 | D:6      | Killed Dowan
  5095 | D:6      | Found a bloodstained altar of Trog.
  5145 | D:6      | Found a hide-covered altar of Uskayaw.
  5145 | D:6      | Noticed a +0 hand axe
  5145 | D:6      | Noticed a +0 hand axe
  5515 | D:7      | Reached ** piety under Elyvilon
  5671 | D:7      | Found a staircase to the Ecumenical Temple.
  5682 | Temple   | Entered the Ecumenical Temple
  6353 | D:7      | Reached *** piety under Elyvilon
  6777 | D:8      | Reached XP level 9. HP: 72/72 MP: 14/14
  6979 | D:8      | Noticed Prince Ribbit
  7025 | D:8      | Killed Prince Ribbit
  7274 | D:8      | Found a shadowy altar of Dithmenos.
  7843 | D:8      | Reached **** piety under Elyvilon
  8214 | D:8      | Reached skill level 5 in Invocations
  8553 | D:8      | Reached XP level 10. HP: 76/80 MP: 17/17
  8979 | D:8      | Reached skill level 5 in Short Blades
  8979 | D:8      | Reached skill level 5 in Long Blades
  8979 | D:8      | Reached skill level 5 in Maces & Flails
  8979 | D:8      | Reached skill level 5 in Polearms
  8979 | D:8      | Reached skill level 5 in Staves
  8979 | D:8      | Reached skill level 5 in Slings
  8979 | D:8      | Reached skill level 5 in Bows
  8979 | D:8      | Reached skill level 5 in Crossbows
  8979 | D:8      | Reached skill level 5 in Throwing
  8979 | D:8      | Reached skill level 5 in Dodging
  8979 | D:8      | Reached skill level 5 in Stealth
  8979 | D:8      | Reached skill level 5 in Unarmed Combat
  8979 | D:8      | Reached skill level 5 in Spellcasting
  8979 | D:8      | Reached skill level 5 in Evocations
  9228 | D:9      | Noticed Erica
  9350 | D:9      | Killed Erica
  9470 | D:9      | Found a hazy altar of Hepliaklqana.
  9690 | D:9      | You fall through a shaft for 2 floors!
  9953 | D:11     | Noticed a two-headed ogre
  9981 | D:11     | Killed a two-headed ogre
  9981 | D:11     | Reached XP level 11. HP: 47/87 MP: 19/19
 10048 | D:11     | Reached skill level 5 in Conjurations
 10048 | D:11     | Reached skill level 5 in Hexes
 10048 | D:11     | Reached skill level 5 in Charms
 10048 | D:11     | Reached skill level 5 in Summonings
 10048 | D:11     | Reached skill level 5 in Necromancy
 10048 | D:11     | Reached skill level 5 in Translocations
 10048 | D:11     | Reached skill level 5 in Transmutations
 10048 | D:11     | Reached skill level 5 in Fire Magic
 10048 | D:11     | Reached skill level 5 in Ice Magic
 10048 | D:11     | Reached skill level 5 in Air Magic
 10048 | D:11     | Reached skill level 5 in Earth Magic
 10048 | D:11     | Reached skill level 5 in Poison Magic
 10404 | D:11     | Noticed a manticore
 10411 | D:11     | Killed a manticore
 10753 | D:11     | Found a staircase to the Orcish Mines.
 10856 | D:10     | Entered Level 10 of the Dungeon
 10862 | D:10     | Noticed a two-headed ogre
 11213 | D:9      | Found a glowing golden altar of the Shining One.
 11286 | D:9      | Fell from the grace of Elyvilon
 11286 | D:9      | Became a worshipper of the Shining One
 11286 | D:9      | Reached * piety under the Shining One
 11286 | D:9      | Reached ** piety under the Shining One
 11492 | D:10     | Got an encrusted glaive
 11499 | D:10     | Identified the +1 glaive of Spite {chop, *Slow MR+ Int+5}
                  | (You found it on level 10 of the Dungeon)
 11861 | D:10     | Killed a two-headed ogre
 12288 | D:10     | Found a bloodstained altar of Trog.
 12300 | D:10     | Found a staircase to the Lair.
 12524 | D:10     | Found Eddamoq's Weapon Emporium.
 12835 | D:11     | Reached XP level 12. HP: 92/96 MP: 22/22
 13050 | D:11     | Reached *** piety under the Shining One
 13146 | Lair:1   | Entered Level 1 of the Lair of Beasts
 13810 | Lair:1   | Found a basalt altar of Yredelemnul.
 14425 | Lair:2   | Got a pair of crude boots
 14432 | Lair:2   | Identified the +0 pair of boots of Death Resistance {rElec
                  | rF+ Str+2 SInv} (You found it on level 2 of the Lair of
                  | Beasts)
 14871 | Lair:3   | Noticed an eight-headed hydra
 14998 | Lair:3   | Killed an eight-headed hydra
 14998 | Lair:3   | Reached skill level 10 in Fighting
 14998 | Lair:3   | Reached skill level 10 in Armour
 14998 | Lair:3   | Reached skill level 10 in Shields
 15189 | Lair:3   | Found a staircase to the Snake Pit.
 15420 | Lair:3   | Reached XP level 13. HP: 101/103 MP: 24/24
 15467 | Lair:3   | You fall through a shaft!
 16284 | Lair:4   | Reached **** piety under the Shining One
 16309 | Lair:4   | Found a staircase to the Swamp.
 16747 | Lair:5   | Noticed Nessos
 16783 | Lair:5   | Killed Nessos
 17314 | Lair:6   | Entered Level 6 of the Lair of Beasts
 17362 | Lair:6   | The Shining One protects you from harm!
 17362 | Lair:6   | Mangled by a spiny frog

Vault maps used:
D:1:      dpeg_arrival_rooms_b, lemuel_flame_loot_1
D:2:      grunt_temple_overflow_growth_and_decay,
          minmay_overflow_temple_star_quad, first_ration,
          kennysheep_generic_room_14
D:3:      kennysheep_small_spiral
D:4:      minitemple
D:5:      vehumet_crystals
D:6:      dancing_weapons_uskayaw, bloody_trog, uniq_duvessa
D:7:      minmay_temple_entry_mini_moons, item_on_display_b
D:8:      basic_altar, hangedman_little_slice_of_home, uniq_prince_ribbit1
D:9:      overflow_temple_1_default, lemuel_crystal_altar, uniq_erica
D:10:     lair_entry_dummy, serial_shops, nicolae_shop_behind_doors,
          basic_altar, st_stairs_11
D:11:     kennysheep_orc_monster_closet_entryway, grunt_decor_one_mirror
Temple:   minmay_freezing_vapour_temple
Lair:1:   basic_altar, small_statue_intersection
Lair:3:   minmay_snake_entry_guardpost_small, grunt_megastairs_2
Lair:4:   minmay_swamp_entry_reptiles
Lair:5:   serial_bayou_shore_a, uniq_nessos
Lair:6:   minmay_lair_end_frog_pond, slime_altar_1, st_stairs_10,
          nicolae_quartered_pool_little

Skill      XL: |  1  2  3  4  5  6  7  8  9 10 11 12 13 |
---------------+----------------------------------------+-----
Invocations    | 1 2 3 4 5 6 7 8 |  8.9
Short Blades   | 1 2 3 4 5 6 7 8 |  8.1
Long Blades    | 1 2 3 4 5 6 7 8 |  8.1
Maces & Flails | 1 2 3 4 5 6 7 8 |  8.1
Polearms       | 1 2 3 4 5 6 7 8 |  8.1
Staves         | 1 2 3 4 5 6 7 8 |  8.1
Slings         | 1 2 3 4 5 6 7 8 |  8.1
Bows           | 1 2 3 4 5 6 7 8 |  8.1
Crossbows      | 1 2 3 4 5 6 7 8 |  8.1
Throwing       | 1 2 3 4 5 6 7 8 |  8.1
Dodging        | 1 2 3 4 5 6 7 8 |  8.1
Stealth        | 1 2 3 4 5 6 7 8 |  8.1
Unarmed Combat | 1 2 3 4 5 6 7 8 |  8.1
Spellcasting   | 1 2 3 4 5 6 7 8 |  8.1
Evocations     | 1 2 3 4 5 6 7 8 |  8.1
Conjurations   | 1 2 3 4 5 6 |  6.8
Hexes          | 1 2 3 4 5 6 |  6.8
Charms         | 1 2 3 4 5 6 |  6.8
Summonings     | 1 2 3 4 5 6 |  6.8
Necromancy     | 1 2 3 4 5 6 |  6.8
Translocations | 1 2 3 4 5 6 |  6.8
Transmutations | 1 2 3 4 5 6 |  6.8
Fire Magic     | 1 2 3 4 5 6 |  6.8
Ice Magic      | 1 2 3 4 5 6 |  6.8
Air Magic      | 1 2 3 4 5 6 |  6.8
Earth Magic    | 1 2 3 4 5 6 |  6.8
Poison Magic   | 1 2 3 4 5 6 |  6.8
Axes           | 5 6 7 8 9 |  9.4
Fighting       | 7 8 9 10 | 10.4
Armour         | 7 8 9 10 | 10.4
Shields        | 7 8 9 10 | 10.4

Action                   |  1- 3 |  4- 6 |  7- 9 | 10-12 | 13-15 || total
-------------------------+-------+-------+-------+-------+-------++-------
Melee: War axe           |    93 |   154 |   407 |   709 |   159 ||  1522
       Bite              |     6 |    16 |    58 |   125 |    26 ||   231
       Unarmed           |       |       |       |   136 |       ||   136
 Fire: Hand crossbow     |       |       |     3 |       |       ||     3
Invok: Greater Healing   |       |       |       |     6 |       ||     6
       Lesser Healing    |       |       |       |     1 |       ||     1
       Divine Shield     |       |       |       |       |     2 ||     2
Evoke: Wand              |       |       |       |    11 |     5 ||    16
       Fan of gales      |       |       |       |     1 |       ||     1
  Use: Scroll            |       |     8 |     4 |    18 |     4 ||    34
  Eat: Chunk             |     2 |     6 |    12 |    21 |     6 ||    47
       Ration            |       |       |     1 |     3 |       ||     4
Armor: Scale mail        |    32 |    59 |     6 |       |       ||    97
       Chain mail        |       |       |    32 |       |       ||    32
       Plate armour      |       |       |   198 |   462 |   103 ||   763
Dodge: Dodged            |    23 |    48 |   152 |   335 |    88 ||   646
Block: Shield            |    55 |    80 |   317 |   743 |   181 ||  1376

Table legend:
 A = Non-vault XP
 B = Vault XP
 C = Vault XP percentage of total XP
 D = Non-vault monster count
 E = Vault monster count
 F = Vault count percentage of total count
                 A         B        C        D         E       F
            +---------+---------+-------+---------+---------+-------
      Total |   35310 |    6877 |  16.3 |     380 |      43 |  10.2
            +---------+---------+-------+---------+---------+-------
        D:1 |      18 |       0 |   0.0 |      12 |       0 |   0.0
        D:2 |      89 |       0 |   0.0 |      25 |       0 |   0.0
        D:3 |      95 |       0 |   0.0 |      27 |       0 |   0.0
        D:4 |     454 |       0 |   0.0 |      22 |       0 |   0.0
        D:5 |     257 |       0 |   0.0 |       8 |       0 |   0.0
        D:6 |     727 |     227 |  23.8 |      20 |       2 |   9.1
        D:7 |     441 |       0 |   0.0 |      16 |       0 |   0.0
        D:8 |    2243 |     437 |  16.3 |      44 |       9 |  17.0
        D:9 |    2407 |     918 |  27.6 |      44 |       1 |   2.2
       D:10 |    2622 |      68 |   2.5 |      21 |       1 |   4.5
       D:11 |    6885 |    1717 |  20.0 |      54 |      19 |  26.0
     Lair:1 |    4377 |       0 |   0.0 |      23 |       0 |   0.0
     Lair:2 |    2175 |       0 |   0.0 |       8 |       0 |   0.0
     Lair:3 |    5704 |    1302 |  18.6 |      27 |       5 |  15.6
     Lair:4 |    2440 |     844 |  25.7 |      12 |       4 |  25.0
     Lair:5 |    4009 |    1279 |  24.2 |      16 |       1 |   5.9
     Lair:6 |     367 |      85 |  18.8 |       1 |       1 |  50.0
            +---------+---------+-------+---------+---------+-------
